Cogmind - Beta 13 @@@ ROGUE MODE // 2024.06.20 @ 22:59:12 Player: Gordubaradu Result: Destroyed by D-53 Grenadier with Mini Grenade Launcher Performance ------------- Evolutions (0) 0 Regions Visited (4) 800 Robots Destroyed (34) 170 Value Destroyed (745) 745 Prototype IDs (2) 40 Alien Tech Used (0) 0 Bonus (325) 325 TOTAL SCORE: 2080 Bonus ------- Follower Combat Kills 25 Aligned with FarCom 300 Cogmind --------- Core Integrity 0/250 Matter 263/300 Energy 100/100 System Corruption 2% Temperature Cool (0) Movement Walking (260) Ox2 Location -9/Mines Parts ------- > --- POWER (1) -------- (None) > --- PROPULSION (2) --- Aluminum Leg > --- UTILITY (2) ------ Large Storage Unit > --- WEAPON (2) ------- Grenade Launcher > --- INVENTORY (15) --- Ion Engine Ion Engine Aluminum Leg Aluminum Leg Improved Heat Sink High-capacity Matter Pod (200) Targeting Computer Bomb Drone Bay Peak State ------------ > --- POWER ------------ Ion Engine > --- PROPULSION ------- Aluminum Leg Aluminum Leg > --- UTILITY ---------- Large Storage Unit Structural Scanner > --- WEAPON ----------- Heavy Assault Rifle Improved Light Cannon > --- INVENTORY -------- Ion Engine Ion Engine Aluminum Leg Aluminum Leg Heat Sink Medium Matter Pod Targeting Computer Bomb Drone Bay Grenade Launcher [Rating: 11] Favorites ----------- Power Ion Engine Engine Ion Engine Propulsion Aluminum Leg Leg Aluminum Leg Wheel Compact Wheel Utility Structural Scanner Device Structural Scanner Storage Large Storage Unit Weapon Improved Light Cannon Energy Gun Medium Laser Ballistic Gun Heavy Assault Rifle Ballistic Cannon Improved Light Cannon Launcher Grenade Launcher Build | -11 -10 -10 -10 -9 ------- Run | Yrd Mat Min Exi Min Slots Evolved . | . . . . . Power . | . . . . . Propulsion . | . . . . . Utility . | . . . . . Weapon . | . . . . . Parts Attached 24 | 8 13 . 1 2 Power 3 | 1 2 . . . Engine 3 | 1 2 . . . Core . | . . . . . Reactor . | . . . . . Propulsion 9 | 4 4 . . 1 Treads . | . . . . . Leg 7 | 2 4 . . 1 Wheel 2 | 2 . . . . Hover . | . . . . . Flight . | . . . . . Utility 5 | 2 2 . 1 . Device 3 | 1 1 . 1 . Storage 2 | 1 1 . . . Processor . | . . . . . Hackware . | . . . . . Protection . | . . . . . Artifact . | . . . . . Weapon 7 | 1 5 . . 1 Energy Gun 1 | 1 . . . . Energy Cannon . | . . . . . Ballistic Gun 2 | . 2 . . . Ballistic Cannon 3 | . 3 . . . Launcher 1 | . . . . 1 Special Weapon . | . . . . . Impact Weapon . | . . . . . Slashing Weapon . | . . . . . Piercing Weapon . | . . . . . Special Melee Weapon . | . . . . . Unidentified Prototypes . | . . . . . Parts Lost 8 | . 3 . . 5 Power 2 | . 1 . . 1 Propulsion 1 | . . . . 1 Utility 1 | . . . . 1 Weapon 4 | . 2 . . 2 Highest Loss Streak 5 | . 1 . . 5 To Critical Strikes . | . . . . . Average Slot Usage (%) 99 | . 97 100 100 99 Engine 13 | . 13 14 14 14 Leg 27 | . 27 28 28 27 Device 14 | . 14 14 14 14 Storage 14 | . 14 14 14 14 Energy Gun 1 | . 5 . . . Ballistic Gun 10 | . 4 14 14 14 Ballistic Cannon 14 | . 16 14 14 14 Naked Turns . | . . . . . Heaviest Build 33 | 11 33 33 33 33 Greatest Support 26 | 26 20 20 20 20 Greatest Overweight (x) 3 | . 1 1 1 3 Average Overweight (x) . | . . 1 1 1 Largest Inventory Capacity 15 | 8 15 15 15 15 Average Capacity 12 | 7 9 15 15 15 Most Carried 11 | 5 8 10 11 11 Average Carried 7 | 3 6 8 10 9 Final Capacity 15 | 8 15 15 15 15 Final Carried 10 | 4 8 10 10 9 Class Distribution -------------------- 87% | Mutant 12% | Scavenger-Mutant Dominant Class ---------------- Mutant | -10/Materials Mutant | -10/Mines Mutant | -10/Exiles Mutant | -9/Mines Resources | -11 -10 -10 -10 -9 ----------- Run | Yrd Mat Min Exi Min Matter Collected 846 | 290 349 68 66 73 Remotely . | . . . . . Salvage Created 971 | 216 504 28 . 223 Parts 73 | 20 35 11 . 7 Haulers Intercepted 1 | . 1 . . . Recyclers Shooed 3 | 2 . . . 1 Parts Field Recycled . | . . . . . Retrieved Matter . | . . . . . Parts Self-Destructed . | . . . . . Prevented . | . . . . . Kills | -11 -10 -10 -10 -9 ------- Run | Yrd Mat Min Exi Min Combat Hostiles Destroyed 32 | . 13 3 . 16 Guns 3 | . 2 . . 1 Cannons 16 | . 11 3 . 2 AOE 13 | . . . . 13 Classes Destroyed 8 | 3 3 1 . 1 Worker 5 | 3 1 . . 1 Tunneler 5 | 4 . 1 . . Hauler 1 | . 1 . . . Recycler 1 | 1 . . . . Watcher 3 | . 3 . . . Swarmer 3 | . . 3 . . Grunt 16 | . 13 . . 3 Assembled 13 | . . . . 13 Best Kill Streak 13 | 3 3 2 . 13 Combat Bots Only 13 | . 3 2 . 13 Max Kills in Single Turn 7 | 1 1 1 . 7 Gunslinging . | . . . . . Exploded 7 | . . . . 7 Melee . | . . . . . Uniques/NPCs Destroyed . | . . . . . Combat | -11 -10 -10 -10 -9 -------- Run | Yrd Mat Min Exi Min Hostile Shots Fired 128 | . 68 7 . 53 Missed 35 | . 20 3 . 12 Damage Taken 1325 | . 567 33 . 725 Core 260 | . 71 . . 189 Absorbed by Shields . | . . . . . Core Remaining (%) 100 | 100 . . . . Volleys Fired 124 | 41 61 7 . 15 Largest 2 | 1 2 2 . 2 Hottest 85 | 50 85 62 . 69 Shots Fired 194 | 41 110 14 . 29 Gun 99 | 41 38 7 . 13 Cannon 93 | . 72 7 . 14 Launcher 2 | . . . . 2 Special . | . . . . . Kinetic 120 | . 79 14 . 27 Thermal 72 | 41 31 . . . Explosive 2 | . . . . 2 Electromagnetic . | . . . . . Robot Hit Streak 9 | 6 9 2 . 6 Robot Miss Streak 5 | 5 3 3 . 3 Penetration Max . | . . . . . Secondary Targets . | . . . . . Shots Hit Robots 105 | 22 62 5 . 16 Core Hits 71 | 9 27 4 . 31 Critical Kills . | . . . . . Critical Parts Destroyed . | . . . . . Critical Strikes 6 | 1 5 . . . Burn 3 | 1 2 . . . Blast 3 | . 3 . . . Melee Attacks . | . . . . . Impact . | . . . . . Slashing . | . . . . . Piercing . | . . . . . Sneak Attacks . | . . . . . Combat Hostiles . | . . . . . Follow-up Attacks . | . . . . . Damage Inflicted 2197 | 284 1023 101 . 789 Guns 733 | 284 285 15 . 149 Cannons 968 | . 738 86 . 144 Explosions 496 | . . . . 496 Melee . | . . . . . Ramming . | . . . . . Kinetic 1192 | . 798 101 . 293 Thermal 509 | 284 225 . . . Explosive 496 | . . . . 496 Electromagnetic . | . . . . . Impact . | . . . . . Slashing . | . . . . . Piercing . | . . . . . Highest Corruption 2 | . . . . 2 Average Corruption 2 | . . . . 2 Corruption Purged . | . . . . . Corruption Blocked . | . . . . . Overload Shots . | . . . . . Overflow Damage 3 | . 3 . . . Projectiles 3 | . 3 . . . Explosions . | . . . . . Melee . | . . . . . Knockbacks 9 | . 7 . . 2 Impact . | . . . . . Kinetic 8 | . 7 . . 1 Secondary 1 | . . . . 1 Self-Inflicted Damage 52 | . . . . 52 Shots 2 | . . . . 2 Rammed . | . . . . . Targets Rammed . | . . . . . Kicked . | . . . . . Crushed . | . . . . . Highest Temperature 144 | 90 144 . . 21 Average Temperature 35 | 23 42 . . 12 Received Heat Transfer 375 | . 321 . . 54 Siege Activations . | . . . . . Robots Corrupted . | . . . . . Combat Hostiles . | . . . . . Parts Fried . | . . . . . Impact Corruptions . | . . . . . Robots Melted . | . . . . . Combat Hostiles . | . . . . . Parts Melted 1 | . 1 . . . Heat Transferred 1739 | 925 814 . . . Parts Sabotaged . | . . . . . Parts Stolen . | . . . . . Parts Stripped . | . . . . . Power Chain Reactions . | . . . . . Alert | -11 -10 -10 -10 -9 ------- Run | Yrd Mat Min Exi Min Peak Influence 238 | 35 238 135 . 99 Initial 45 | . 3 45 . . Average 69 | 13 135 32 . 70 Maximum Alert Level 1 | . 1 . . . Low Security (%) 93 | 100 82 100 . 100 Level 1 6 | . 17 . . . Level 2 . | . . . . . Level 3 . | . . . . . Level 4 . | . . . . . Level 5 . | . . . . . High Security . | . . . . . Max Security . | . . . . . Squads Dispatched 2 | . 2 . . . Investigation 1 | . 1 . . . Extermination . | . . . . . Reinforcement 1 | . 1 . . . Assault . | . . . . . Garrison . | . . . . . Intercept . | . . . . . Searches Triggered . | . . . . . Construction Impeded . | . . . . . Haulers Reinforced . | . . . . . Active Scanning Responses . | . . . . . Cargo Convoy Interrupts . | . . . . . Stealth | -11 -10 -10 -10 -9 --------- Run | Yrd Mat Min Exi Min Distress Signals 2 | . 2 . . . Communications Jammed . | . . . . . Distress Signals . | . . . . . Times Spotted 47 | . 24 4 . 19 Peak Tracking Total 18 | . 4 3 . 18 Tactical Retreats 4 | . 2 1 . 1 Traps | -11 -10 -10 -10 -9 ------- Run | Yrd Mat Min Exi Min Traps Triggered 3 | . 3 . . . Indirectly . | . . . . . Trap Hack Attempts . | . . . . . Triggered . | . . . . . Disarmed . | . . . . . Reprogrammed . | . . . . . Reused . | . . . . . Traps Extracted . | . . . . . Installed . | . . . . . Triggered . | . . . . . Machines | -11 -10 -10 -10 -9 ---------- Run | Yrd Mat Min Exi Min Machines Disabled 1 | . . . . 1 Max in Single Turn 1 | . . . . 1 Machines Repaired . | . . . . . Machines Dismantled . | . . . . . Machines Sabotaged . | . . . . . Overloaded Fab Kills . | . . . . . Hacking | -11 -10 -10 -10 -9 --------- Run | Yrd Mat Min Exi Min Machines Accessed 7 | . 4 1 2 . Terminals 3 | . 3 . . . Fabricators . | . . . . . Repair Stations . | . . . . . Recycling Units 1 | . 1 . . . Scanalyzers . | . . . . . Garrison Access . | . . . . . Total Hacks 9 | . 6 1 2 . Successful 7 | . 4 1 2 . Failed 2 | . 2 . . . Catastrophic . | . . . . . Database Lockouts . | . . . . . Manual 2 | . 2 . . . Terminals 4 | . 4 . . . Fabricators . | . . . . . Repair Stations . | . . . . . Recycling Units 2 | . 2 . . . Scanalyzers . | . . . . . Garrison Access . | . . . . . Terminal Hacks 6 | . 3 1 2 . Record 3 | . 1 . 2 . Prototype ID Bank 1 | . 1 . . . Open Door 1 | . . 1 . . Branch Access Points 1 | . 1 . . . Fabricator Hacks . | . . . . . Repair Station Hacks . | . . . . . Recycling Unit Hacks 1 | . 1 . . . Retrieve Components 1 | . 1 . . . Scanalyzer . | . . . . . Garrison Access Hacks . | . . . . . Unauthorized Hacks . | . . . . . Terminals . | . . . . . Fabricators . | . . . . . Repair Stations . | . . . . . Recycling Units . | . . . . . Scanalyzers . | . . . . . Garrison Access . | . . . . . Data Cores Recovered . | . . . . . Used . | . . . . . Hacking Detections 1 | . 1 . . . Full Trace Events . | . . . . . Feedback Events . | . . . . . Feedback Blocked . | . . . . . Robot Schematics Acquired . | . . . . . Robots Built . | . . . . . Authchips . | . . . . . Time . | . . . . . Total Robot Build Rating . | . . . . . Part Schematics Acquired . | . . . . . Parts Built . | . . . . . Authchips . | . . . . . Time . | . . . . . Total Part Build Rating . | . . . . . Parts Repaired . | . . . . . Time . | . . . . . Parts Recycled . | . . . . . Recycled Matter . | . . . . . Retrieved Matter . | . . . . . Retrieved Components . | . . . . . Parts Scanalyzed . | . . . . . Part Schematics Acquired . | . . . . . Parts Damaged . | . . . . . Bothacking | -11 -10 -10 -10 -9 ------------ Run | Yrd Mat Min Exi Min Used RIF Installer . | . . . . . Robots Hacked . | . . . . . Non-combat . | . . . . . Combat . | . . . . . Robot Hacks Applied . | . . . . . Relay Couplers Released . | . . . . . Fabnet Peak Effective % . | . . . . . Robots Rewired . | . . . . . Allies Hacked . | . . . . . Hacks Repelled . | . . . . . Allies | -11 -10 -10 -10 -9 -------- Run | Yrd Mat Min Exi Min Total Allies 2 | . . 1 . 1 Largest Group 1 | . . 1 . 1 Highest-Rated Group 31 | . . 31 . 16 Highest-Rated Ally 31 | . . 31 . 16 Total Orders . | . . . . . Ally Attacks 4 | . . . . 4 Total Damage 32 | . . . . 32 Kills 1 | . . . . 1 Allies Corrupted . | . . . . . Allies Melted . | . . . . . Intel | -11 -10 -10 -10 -9 ------- Run | Yrd Mat Min Exi Min Robot Analysis Total . | . . . . . Derelict Logs Recovered 2 | . . 2 . . Drone Launches . | . . . . . Drone Recoveries . | . . . . . Exploration | -11 -10 -10 -10 -9 ------------- Run | Yrd Mat Min Exi Min Turns Passed 4247 | 732 1161 966 1087 301 Spaces Moved 2095 | 213 685 495 570 132 Core 11 | 11 . . . . Treads . | . . . . . Legs 2077 | 195 685 495 570 132 Wheels 7 | 7 . . . . Hover . | . . . . . Flight . | . . . . . Fastest Speed 50 | 50 120 190 190 190 Average Speed 164 | 115 133 190 190 191 Slowest Speed 330 | 120 190 190 190 330 Overloaded Moves . | . . . . . Propulsion Burnouts . | . . . . . Robots Hopped . | . . . . . Cave-ins Triggered . | . . . . . Exploration Rate (%) 63 | 14 90 89 90 34 Regions Visited 4 Branch Regions 3 Pre-discovered Areas 1 | . . 1 . . Known Exits Taken 1 | . 1 . . . Unknown Exits Taken 3 | 1 . 1 1 . Scrap Searched 1 | . . 1 . . Spaces Dug . | . . . . . Terrain Destroyed 14 | . . . . 14 Melee . | . . . . . Projectile 1 | . . . . 1 AOE 13 | . . . . 13 Terrain Rammed . | . . . . . Walls Destroyed . | . . . . . Machines Disabled . | . . . . . Actions | -11 -10 -10 -10 -9 --------- Run | Yrd Mat Min Exi Min Total 2719 | 659 824 507 575 154 Wait 431 | 385 40 5 . 1 Move 2091 | 212 684 494 569 132 Hop . | . . . . . Pick Up 31 | 10 16 1 2 2 Fast Attach 5 | 1 4 . . . Attach 16 | 7 6 . 1 2 Detach 2 | 2 . . . . Swap 3 | . 3 . . . Drop 15 | 1 10 . 2 2 Fire 124 | 41 61 7 . 15 Melee . | . . . . . Ram . | . . . . . Kick . | . . . . . Crush . | . . . . . Escape Stasis . | . . . . . Rewire 1 | . . . 1 . Trap . | . . . . . Miscellaneous . | . . . . . Route ------- -11/Scrapyard -10/Materials (discovered 3 exits: [*Mat x2] / *Min) -10/Mines (discovered 3 exits: [*Mat x2] / *Exi) -10/Exiles (discovered 2 exits: [*Min x2]) -9/Mines History --------- Turn | Location | Event 9 | -11/Scrapyard | Discovered new exit (range 16) 733 | -11/Scrapyard | Entered Materials 734 | -10/Materials | Build established: Mutant 1175 | -10/Materials | Discovered new exit (range 16) 1316 | -10/Materials | Discovered new exit (range 16) 1394 | -10/Materials | Discovered new exit (range 3) 1456 | -10/Materials | Build established: Scavenger-Mutant 1812 | -10/Materials | Identified exit to Mines 1894 | -10/Materials | Entered Mines 1965 | -10/Mines | Build established: Mutant 2071 | -10/Mines | Discovered new exit (range 6) 2162 | -10/Mines | Learned Materials stockpile data 2337 | -10/Mines | Deemed a non-threat by the Exiles lab entrance 2337 | -10/Mines | Discovered new exit (range 5) 2407 | -10/Mines | Received a Mining Laser from a helpful Derelict 2571 | -10/Mines | Discovered new exit (range 15) 2639 | -10/Mines | Found the Drone Emporium 2647 | -10/Mines | Found Prototype Device 2860 | -10/Mines | Entered Exiles 2905 | -10/Exiles | Discovered new exit (range 15) 2950 | -10/Exiles | Met 8R-AWN 2981 | -10/Exiles | Met EX-HEX 3063 | -10/Exiles | Met EX-DEC 3125 | -10/Exiles | Visited The Gauntlet 3521 | -10/Exiles | Discovered new exit (range 15) 3656 | -10/Exiles | Met EX-BIN 3690 | -10/Exiles | Aligned with FarCom system 3692 | -10/Exiles | Given EX-Vault access code 3947 | -10/Exiles | Entered Mines 3976 | -9/Mines | Assisted by bots powering up and referring to "LRC-V3" 4215 | -9/Mines | Assembled infested the area 4237 | -9/Mines | Core integrity fell below 50% 4244 | -9/Mines | Core integrity fell below 20% 4246 | -9/Mines | Met a Derelict who couldn't figure out how to use a Trap Extractor 4248 | -9/Mines | Destroyed by D-53 Grenadier with Mini Grenade Launcher Last Messages --------------- payload. 04245_ D-53 Grenadier unfolds itself. 04246_ 9R-MI3(g): "So I found this thing but I have no idea how to use it. And who the hell trapped this place to begin with?!" 04246_ 9R-MI3(g): "I give up! Here you try, I'm outta here before something nasty happens..." 04246_ Tosses Imp. Trap Extractor to the ground. 04246_ 9R-MI3(g) triggered Explosive Trap. 04246_ An explosion rips through the floor. 04246_ Aluminum Leg destroyed. 04246_ Machine disabled. 04247_ Imp. Light Cannon destroyed. 04248_ as-12763 destroyed. 04248_ as-90284 destroyed. 04248_ as-25688 destroyed. 04248_ as-86966 destroyed. 04248_ as-27939 destroyed. 04248_ as-66096 destroyed. 04248_ as-16871 destroyed. Map ----- +----------------------------------------------------+ | ??????????????????????????????? | | ??????????????????????????????? | | ??????????????????????????????? | | ??????????????????????????????? | | ??????????????????????????????? | | ??????????????????????????????? | | ??????????????????????????????? | | ??????????????????????????????? | | ??????????????????????????????? | | ??????????????????????????????? | | ??????????????????????????????? | | ??????????????????????????????? | | ??????????????????????????????? | | ???????????? ???????????????? | | ???????????? ##???????????????? | | ???????????? ##???????????????? | | ???????????? ##???????????????? | | ???????????? ##???????????????? | | ??????????## ##???????????????? | | ?????????### ##???????????????? | | ????????### a###??????????????? | | ???????## %% ##??????????????? | | ??????## ##??????????????? | | ????#### %%% ###?????????????? | | ???## ####????????????? | | # = @ ######?????????? | | #"= ] g % ######????????? | | #"* " ###????????? | | # [! " ##???????## | | # ! =%* ###?######## | | #"!?## ####?######## | | ##??## ######## | | ????### ### ######### | | ????#### d#### ### #### | | ?????###d #### u## #### | | ??????## #### ########## | | ??????## #### ######### | | ??????## ##### ###???## | | ??????## %###### ####???## # | | ?????? #?########????###### | | ??????? ????######?????###### | | ??????? ????????????????????? | | ?????# ????????????????????? | | ?????## ?????????????????????? | | ?????## ??????????????????????? | | ??????????????????????????????? | | ??????????????????????????????? | | ??????????????????????????????? | | ??????????????????????????????? | | ??????????????????????????????? | +----------------------------------------------------+ Best States ------------- Heat Dissipation 25 Energy Generation 10 Energy Capacity 250 Matter Stores 300 Matter Capacity 300 Sight Range 16 Terrain Scan Range 16 Terrain Scan Density 10 Evasion (%) 55 Item Schematics ----------------- None Robot Schematics ------------------ None Fabricated ------------ Nothing Alien Tech Used ----------------- None Achievements -------------- Quick And Dirty Challenges ------------ None Game ------ Seed SiegeNovaOptics Manual? 0 Play Time 00:31:19 Cumulative 4.5 hours Start 2024.06.20 @ 22:28:38 End 2024.06.20 @ 22:59:12 Sessions 1 Manual Loads 0 Difficulty Rogue Special Mode None Game No. 7 Rogue 7 Adventurer 0 Explorer 0 Win Type - Total 0 Types 0/0/0/0/0/0/0/0/0 Lore% 5 Gallery% 6 Achievement% 8 Wizard Run 0 Options --------- Layout 1 ASCII 0 Keyboard 0 Movement Mouse Keybinds 0 Fullscreen 1 Font 32/SmallcapsGlow Map View 50x35 Zoom Use 0% Tactical HUD 1 Map Filters NONE Filters NONE Steam 1 RUN: 8a6cc9a8-bdb7-45fa-80b4-5a8d458340e6